 Dungeon Crawl Stone Soup version 0.16-a0-326-g6f2d4d4 (webtiles) character file.

128 PolkaDot the Caller (level 4, 0/30 HPs)
             Began as a Vampire Summoner on Sept 4, 2014.
             Succumbed to an adder's poison
             ... on Level 3 of the Dungeon.
             The game lasted 00:07:37 (1865 turns).

PolkaDot the Caller (Vampire Summoner)              Turns: 1865, Time: 00:07:37

HP   0/30        AC  2     Str  7      XL: 4   Next: 86%
MP   1/7         EV 12     Int 18      God:
Gold 70          SH  0     Dex 14      Spells:  3 memorised,  1 level left

rFire  . . .     SeeInvis +     k - +3 halberd
rCold  . . .     Clarity  .     a - +0 robe
rNeg   . . .     rCorr    .     (no shield)
rPois  .         rRot     .     (no helmet)
rElec  .         Spirit   .     (no cloak)
SustAb .         Warding  .     (no gloves)
rMut   .         Stasis   .     (no boots)
Gourm  .                        g - amulet of rage
MR     .....                    (no ring)
                                (no ring)

@: lethally poisoned, regenerating quickly, not resistant to hostile
enchantments, unstealthy
A: fangs 3, see invisible, unbreathing
a: Evoke Berserk Rage


You were on level 3 of the Dungeon.
You were very full.

You visited 1 branch of the dungeon, and saw 3 of its levels.

You collected 70 gold pieces.

Inventory:

Hand weapons
 k - a +3 halberd (weapon)
Armour
 a - a +0 robe (worn)
Scrolls
 d - 5 scrolls of identify {unknown}
 e - a scroll of random uselessness {unknown}
 f - 2 scrolls of remove curse {unknown}
 i - a scroll of amnesia {unknown}
Jewellery
 g - an amulet of rage (around neck)
 j - an uncursed amulet of resist corrosion
Books
 b - a book of Callings

   Spells                             Type                      Level
   *Summon Small Mammal               Summoning                    1
   *Call Imp                          Summoning                    2
   *Call Canine Familiar              Summoning                    3
   Summon Guardian Golem              Hexes/Summoning              4
   Summon Lightning Spire             Summoning/Air                4
   Summon Ice Beast                   Ice/Summoning                4


   Skills:
 - Level 2.1 Dodging
 - Level 3.0 Stealth
 - Level 2.0 Spellcasting
 * Level 6.0 Summonings
 + Level 1.2 Evocations


You had one spell level left.
You knew the following spells:

 Your Spells              Type           Power        Failure   Level  Hunger
a - Summon Small Mammal   Summ           ###.         1%          1    #......
d - Call Canine Familiar  Summ           ###.....     4%          3    ####...
s - Call Imp              Summ           ###.....     1%          2    ##.....


Dungeon Overview and Level Annotations

Branches:
Dungeon (3/15)

Altars:
Trog


Innate Abilities, Weirdness & Mutations

Your natural rate of healing is unusually fast.
You have razor-sharp teeth.
You have supernaturally acute eyesight.
You can survive without breathing.


Message History

You closely miss the adder. The bat misses your hound. The adder bites you.
* * * LOW HITPOINT WARNING * * *
You are lethally poisoned!
The adder poisons you!
Your hound barely misses the bat.
The hobgoblin hits your hound with a club.
The adder barely misses you.
Your crimson imp barely misses the adder.
Your hound bites the bat.
The bat dies!
You aren't carrying any potions.
* * * LOW HITPOINT WARNING * * *
You feel sick. The hobgoblin barely misses your hound.
Your crimson imp misses the adder.
The goblin misses your hound. The adder bites you.
* * * LOW HITPOINT WARNING * * *
You are more poisoned.
The adder poisons you!
Unknown command.
You closely miss the adder.
You die...

... # .$ ...# .
.#... ... ..#.#.
#....
.....####.....
#.#...%g.....
##...@.5g.#..#
####....Sh#.....##
........5.........
#####.###%###.##..
####.###.##..#...
#......<....#....
##.................
........))%........
........)......?...


You could see an adder, a hobgoblin, a goblin, a friendly hound and 2 friendly
crimson imps.

Vanquished Creatures
  2 gnolls (D:3)
  2 adders (D:3)
  A worm (D:3)
  2 hobgoblins (D:2)
  A ball python (D:2)
  A bat (D:2)
  3 giant newts (D:2)
  A goblin (D:1)
  4 kobolds
  A quokka (D:2)
  3 rats
21 creatures vanquished.

Vanquished Creatures (collateral kills)
  6 gnolls
  4 adders (D:2)
  A worm (D:2)
  An orc (D:3)
  A ball python (D:3)
  2 giant cockroaches
  A hobgoblin (D:1)
  2 jackals (D:1)
  A kobold (D:2)
  3 bats
  A goblin (D:1)
  2 rats (D:2)
25 creatures vanquished.

Vanquished Creatures (others)
  A shadow imp (D:3)
  A bat (D:1)
  A rat (D:2)
3 creatures vanquished.

Grand Total: 49 creatures vanquished

Notes
Turn   | Place    | Note
--------------------------------------------------------------
     0 | D:1      | PolkaDot, the Vampire Summoner, began the quest for the Orb.
     0 | D:1      | Reached XP level 1. HP: 13/13 MP: 3/3
   427 | D:1      | Reached XP level 2. HP: 10/19 MP: 2/4
  1025 | D:2      | Found a bloodstained altar of Trog.
  1104 | D:2      | Reached skill level 5 in Summonings
  1196 | D:2      | Reached XP level 3. HP: 18/24 MP: 6/6
  1261 | D:2      | Learned a level 2 spell: Call Imp
  1265 | D:2      | Learned a level 3 spell: Call Canine Familiar
  1458 | D:2      | Reached XP level 4. HP: 10/30 MP: 3/7
  1721 | D:3      | Reached skill level 6 in Summonings
  1847 | D:3      | Reached skill level 1 in Evocations
  1865 | D:3      | Succumbed to an adder's poison

Action                   |  1- 3 |  4- 6 || total
-------------------------+-------+-------++-------
Melee: Unarmed           |    53 |       ||    53
       Spear             |    42 |    12 ||    54
       Halberd           |       |     9 ||     9
 Cast: Summon Small Mamm |    32 |       ||    32
       Call Imp          |     4 |     5 ||     9
       Call Canine Famil |       |     2 ||     2
 Abil: Evoke Berserk Rag |       |     1 ||     1
  Use: Potion            |     3 |     1 ||     4
 Stab: Sleeping          |     6 |       ||     6
       Distracted        |     2 |     2 ||     4
  Eat: Corpse            |    12 |     4 ||    16
